 Seeded DCSS version 0.29.1-13-g9f3cf754e1 (webtiles) character file.

Game seed: 16245865983455551772 (custom seed)

61 OTABOTABOTAB the Insei (level 4, 29/29 HPs)
             Began as an Octopode Transmuter on Jan 24, 2023.
             Quit the game on level 2 of the Dungeon.
             The game lasted 00:03:11 (2102 turns).

OTABOTABOTAB the Insei (Octopode Transmuter)        Turns: 2102, Time: 00:03:11

Health: 29/29      AC:  1    Str: 14    XL:     4   Next: 7%
Magic:  7/7        EV: 13    Int: 31    God:
Gold:   1289       SH:  7    Dex: 18    Spells: 1/7 levels left

rFire   . . .      SeeInvis .     - Unarmed
rCold   . . .      Faith    .   c - +3 warlock's mirror {reflect}
rNeg    . . .      Spirit   .   (helmet restricted)
rPois   .          Reflect  +   (no amulet)
rElec   .          Harm     .   b - ring "Roaqoywn" {Str+5 Int+2 Dex+6}
rCorr   .          Rampage  .   I - +6 ring of intelligence
Will    .....                   g - +6 ring of intelligence
Stlth   +++.......              (no ring)
HPRegen 0.09/turn               (no ring)
MPRegen 0.10/turn               (no ring)
                                (no ring)
                                (no ring)

@: no status effects
A: almost no armour, amphibious, 8 rings, camouflage 1, gelatinous body 1,
(nimble swimmer 1), tentacles
a: no special abilities


You were on level 2 of the Dungeon.
You visited 1 branch of the dungeon, and saw 2 of its levels.

You collected 1289 gold pieces.

Inventory:

Missiles
 e - 2 poisoned darts
 s - 18 stones
Armour
 c - the +3 warlock's mirror (worn) {reflect}
   (You acquired it on level 1 of the Dungeon)

   It can block and reflect piercing ranged attacks and magical attacks against
   the wielder's willpower.
Jewellery
 b - the ring "Roaqoywn" (left tentacle) {Str+5 Int+2 Dex+6}
   (You acquired it on level 1 of the Dungeon)

   [ring of dexterity]

   Str:       It affects your strength (+5).
   Int:       It affects your intelligence (+2).
   Dex:       It affects your dexterity (+6).
 g - a +6 ring of intelligence (on tentacle)
   (You found it on level 1 of the Dungeon)
 I - a +6 ring of intelligence (right tentacle)
   (You found it on level 1 of the Dungeon)
Scrolls
 f - 2 scrolls of teleportation {unknown}
 h - a scroll of summoning {unknown}
 i - a scroll of identify {unknown}
 j - a scroll of enchant weapon {unknown}
Potions
 a - a potion of might {unknown}
 d - 2 potions of flight {unknown}
 P - 2 potions of lignification {!q}


   Skills:
 + Level 1.7 Fighting
 + Level 2.4 Dodging
 * Level 3.6 Unarmed Combat
 - Level 2.1 Spellcasting
 + Level 2.5 Transmutations
 + Level 0.8 Poison Magic


You had one spell level left.
You knew the following spells:

 Your Spells              Type           Power      Damage    Failure   Level
a - Beastly Appendage     Tmut           36%        N/A       3%          1
b - Wereblood             Tmut           18%        N/A       5%          2
c - Spider Form           Tmut/Pois      13%        N/A       16%         3

Your spell library contained the following spells:

 Spells                   Type           Power      Damage    Failure   Level
 Sting                    Tmut/Pois      52%        1d5       4%          1
 Poisonous Vapours        Pois/Air       10%        N/A       13%         2
 Ice Form                 Ice/Tmut       11%        N/A       52%         4
 Olgreb's Toxic Radiance  Pois           8%         N/A       56%         4


Dungeon Overview and Level Annotations

Branches:
Dungeon (2/15)

Altars:


Innate Abilities, Weirdness & Mutations

You cannot wear most types of armour.
You are amphibious.
You can wear up to eight rings at the same time.
Your skin changes colour to match your surroundings (Stealth+).
Your rubbery body absorbs attacks. (AC +1, EV +1)
((You are camouflaged when in or above water. (Stealth+)))
You have tentacles for arms and can constrict up to eight enemies at once.


Message History

Unknown command.
Done exploring.
Done exploring.
Done exploring.
(D) Dungeon
Where to? (? - help)
There is an open door here.
There is a stone staircase leading down here.
You climb downwards.
There is a stone staircase leading up here.
P - 2 potions of lignification {!q} (gained 1)
A rat comes into view.
One of your tentacles grows a vicious spike.
You now have 5/6 mp.
You closely miss the rat. You grab the rat.
You pierce the rat.
You kill the rat!
No target in view!
Your tentacle spike disappears.
You now have 1253 gold pieces (gained 15).
h - a scroll labelled PEWESOQEAK MP restored: 6
f - 2 scrolls labelled XODATU UXUOJ (gained 1)
Found a stone staircase leading down.
i - a scroll labelled DOIQEGH ICARY
s - 18 stones (gained 8)
Found a stone staircase leading down.
A bat comes into view.
One of your tentacles grows a vicious spike.
The bat closely misses you. The bat barely misses you.
You now have 5/6 mp.
You miss the bat. You grab the bat. Your squeeze misses the bat.
You constrict the bat. The bat hits you but does no damage. x2
You tentacle-slap the bat.
You kill the bat!
Unknown command.
No target in view!
Your tentacle spike disappears.
j - a scroll labelled WUDUNO YGUA MP restored: 6
Found a stone staircase leading down.
You now have 1267 gold pieces (gained 14).
Found an escape hatch in the ceiling.
Found a stone staircase leading up.
An adder comes into view.
An adder is nearby!
The adder hisses angrily.
One of your tentacles grows a vicious spike.
You now have 5/6 mp.
You barely miss the adder. You grab the adder.
You pierce the adder.
You constrict the adder. The adder barely misses you.
Unknown command.
You tentacle-slap the adder.
You pierce the adder.
You squeeze the adder.
You kill the adder!
No target in view!
No target in view!
Your tentacle spike disappears.
Jessica the Apprentice Sorceress comes into view.
She is wielding a +0 dagger of draining.
MP restored: 6 No reachable target in view!
No reachable target in view!
No reachable target in view!
No reachable target in view!
No reachable target in view!
Jessica shouts!
One of your tentacles grows a vicious spike.
Jessica barely misses you.
You now have 5/6 mp.
You tentacle-slap Jessica. Your grab misses Jessica.
You pierce Jessica.
You squeeze Jessica.
You kill Jessica!
You have reached level 4!
Health restored: 29 No target in view!
No target in view!
Your tentacle spike disappears.
Things that are here:
a +0 dagger of draining; a +0 robe; MP restored: 7
Found an escape hatch in the floor.
There is an escape hatch in the floor here.
You pick up a Young Poisoner's Handbook and begin reading...
You add the spells Sting, Poisonous Vapours and Olgreb's Toxic Radiance to your library.
You now have 1277 gold pieces (gained 10).
You now have 1280 gold pieces (gained 3).
Found a stone staircase leading up.
You now have 1289 gold pieces (gained 9).
A rat comes into view.
A rat is nearby!
One of your tentacles grows a vicious spike.
You now have 6/7 mp.
Unknown command.
The helpless rat fails to defend itself.
You tentacle-slap the rat. You grab the rat. You tentacle-slap the rat.
You kill the rat!
No target in view!
No target in view!
Your tentacle spike disappears.
Done exploring.
MP restored: 7 Done exploring.
Done exploring.
Unknown command.

#.########.#####
#<......##.#
#######.##.#######
#..............
#.#####.#######
####.# #.## #....#
#..# #.##.# #..##
#@##.#####...#####
#.##.......#......
#.########...#####
#.# ##.## #.# #.#
#.#########.#
#...........#
#############


There were no monsters in sight!

Vanquished Creatures
  Jessica (D:2)
  An adder (D:2)
  2 ball pythons (D:1)
  2 bats
  4 endoplasms (D:1)
  2 goblins (D:1)
  3 hobgoblins (D:1)
  2 kobolds (D:1)
  3 quokkas (D:1)
  A frilled lizard (D:1)
  3 rats
24 creatures vanquished.

Notes
Turn   | Place    | Note
-------+----------+-------------------------------------------
     0 | D:1      | OTABOTABOTAB the Octopode Transmuter began the quest for
                  | the Orb.
     0 | D:1      | Reached XP level 1. HP: 13/13 MP: 3/3
   131 | D:1      | Identified 3 scrolls of acquirement
   131 | D:1      | Acquired the ring "Roaqoywn" {Str+5 Int+2 Dex+6}
   135 | D:1      | Acquired the +3 warlock's mirror {reflect}
   135 | D:1      | Found the +3 warlock's mirror {reflect}
   142 | D:1      | Acquired 1198 gold pieces
   196 | D:1      | Reached XP level 2. HP: 15/18 MP: 1/5
   200 | D:1      | Learned a level 2 spell: Wereblood
   304 | D:1      | Found a faded altar of an unknown god.
  1323 | D:1      | Reached XP level 3. HP: 21/23 MP: 4/6
  1359 | D:1      | Learned a level 3 spell: Spider Form
  1793 | D:2      | Noticed Jessica
  1799 | D:2      | Killed Jessica
  1800 | D:2      | Reached XP level 4. HP: 29/29 MP: 5/7
  2102 | D:2      | Quit the game

Illustrated notes

Levels and vault maps discovered:
D:1:      minmay_arrival_hallway, layout_loops_corners, basic_ecumenical_altar,
          minmay_unequal
D:2:      layout_loops_ring, uniq_jessica

Action                   |  1- 3 |  4- 6 || total
-------------------------+-------+-------++-------
Melee: Unarmed           |    44 |     1 ||    45
       Tentacles         |    10 |       ||    10
       Constrict         |    11 |     1 ||    12
       Kick              |    11 |       ||    11
       Punch             |     1 |     1 ||     2
Throw: Stone             |     4 |       ||     4
 Cast: Beastly Appendage |    20 |     1 ||    21
 Abil: End Transformatio |    17 |     2 ||    19
  Use: Scroll            |     3 |       ||     3
 Stab: Sleeping          |     1 |     1 ||     2
Armor: Skin              |     2 |       ||     2
Dodge: Dodged            |    20 |       ||    20
Block: Buckler           |     6 |       ||     6

Table legend: (Time is in decaauts)
 A = Elapsed time spent in this place.
 B = Non-inter-level travel time spent in this place.
 C = Inter-level travel time spent in this place.
 D = Time resting spent in this place.
 E = Time spent auto-exploring this place.
 F = Levels seen in this place.
 G = Mean time per level.
                   A        B        C        D        E       F      G
               +--------+--------+--------+--------+--------+-----+--------+
         Total |   2099 |   2024 |     75 |     27 |   1789 |   2 | 1049.5 |
       Dungeon |   2099 |   2024 |     75 |     27 |   1789 |   2 | 1049.5 |
               +--------+--------+--------+--------+--------+-----+--------+

Top non-repeatable levels by time:
     D:1: 1432 daAuts
     D:2: 667 daAuts

Table legend:
 A = Kills in this place as a percentage of kills in entire the game.
 B = Kills by you in this place as a percentage of kills by you in the entire game.
 C = Kills by friends in this place as a percentage of kills by friends in the entire game.
 D = Other kills in this place as a percentage of other kills in the entire game.
 E = Experience gained in this place as a percentage of experience gained in the entire game.
 F = Experience gained in this place divided by the number of levels of this place that you have seen.
                   A       B       C       D       E      F
               +-------+-------+-------+-------+-------+----------------------
         Total | 100.0 | 100.0 |   N/A |   N/A | 100.0 |  44.0
       Dungeon | 100.0 | 100.0 |   N/A |   N/A | 100.0 |  44.0
               +-------+-------+-------+-------+-------+----------------------
